Map: [ESL] Hard Lead

Players

MacSed

  • Race: Protoss Protoss
  • Spawn Location: 11:00

MeomaikA - Winner!

  • Race: Zerg Zerg
  • Spawn Location: 5:00

Event: ESL SC2 Masters 2023 Winter (Regional)

VOD

Have the link to the VOD?

Description

Time

  • Played on: Oct. 28, 2023, 9:42 a.m.
  • Length: 6:25

All games in this series

Show
View Real Time Build Order
Export as new Build Order

MacSed Protoss 

Build Orders: 1 Gate Expand, Oracle Opening 

Get SALT Encoding   

  12  0:00  Probe  
  13  0:12  Probe  
  14  0:20  Pylon  
  14  0:24  Probe  
  15  0:38  Probe (Chrono Boost)  
  15  0:40  Gateway  
  16  0:47  Probe (Chrono Boost)  
  16  0:48  Assimilator  
  17  0:52  Probe (Chrono Boost)  
  18  1:04  Probe  
  19  1:16  Probe  
  20  1:23  Nexus  
  20  1:34  Cybernetics Core  
  20  1:37  Probe  
  21  1:43  Assimilator  
  21  1:49  Probe  
  21  1:53  Pylon  
  22  2:01  Probe  
  23  2:08  Adept (Chrono Boost)  
  23  2:11  Warp Gate  
  23  2:13  Probe  
  26  2:25  Probe  
  26  2:26  Stargate  
  27  2:31  Adept  
  27  2:35  Probe  
  30  2:37  Probe  
  31  2:47  Probe (Chrono Boost)  
  31  2:50  Probe (Chrono Boost)  
  34  2:58  Probe (Chrono Boost)  
  34  3:00  Probe (Chrono Boost)  
  34  3:03  Probe (Chrono Boost)  
  34  3:04  Probe (Chrono Boost)  
  41  3:13  Void Ray (Chrono Boost), Probe  
  41  3:15  Pylon  
  41  3:16  Probe  
  43  3:24  Gateway  
  43  3:26  Probe  
  44  3:28  Probe  
  45  3:38  Probe  
  45  3:40  Probe  
  47  3:43  Oracle  
  50  3:50  Probe  
  50  3:52  Probe  
  52  3:57  Nexus  
  52  3:58  Pylon  
  52  4:02  Probe  
  53  4:06  Probe  
  53  4:08  Twilight Council  
  54  4:10  Forge  
  54  4:16  Probe  
  55  4:17  Assimilator  
  55  4:18  Probe  
  55  4:19  Assimilator  
  56  4:24  Robotics Facility  
  56  4:28  Probe  
  56  4:30  Probe, Pylon  
  58  4:34  Charge (Chrono Boost)  
  58  4:40  Probe  
  58  4:44  Zealot  
  61  4:47  Pylon  
  61  4:48  Probe  
  61  4:52  Pylon  
  62  4:53  Probe  
  62  4:59  Gateway  
  63  5:01  Gateway  
  63  5:04  Zealot x2  
  63  5:17  Gateway x2  
  63  5:20  Templar Archives  
  61  5:27  Gateway  
  61  5:31  Gateway  
  61  5:37  Zealot x2  
  56  5:55  Zealot x2  
  56  5:58  Zealot x2  
  43  6:11  Zealot x2  
Show
View Real Time Build Order
Export as new Build Order

MeomaikA Zerg - Winner!

Build Orders: Hatch First 

Get SALT Encoding   

  12  0:00  Drone  
  13  0:12  Overlord  
  13  0:16  Drone  
  14  0:30  Drone x2  
  14  0:35  Drone  
  17  0:51  Hatchery  
  17  0:53  Drone  
  17  0:56  Drone  
  18  1:07  Extractor  
  17  1:12  Spawning Pool  
  17  1:15  Drone  
  17  1:18  Drone  
  18  1:28  Drone  
  19  1:38  Overlord  
  19  1:49  Drone  
  20  1:58  Queen  
  20  2:00  Zergling x2  
  23  2:03  Drone  
  23  2:04  Queen  
  26  2:10  Metabolic Boost  
  26  2:11  Drone  
  27  2:17  Drone  
  28  2:23  Drone  
  28  2:24  Drone  
  30  2:39  Hatchery  
  30  2:40  Drone x2  
  30  2:43  Drone  
  32  2:45  Drone  
  33  2:53  Overlord  
  33  2:56  Drone  
  34  3:00  Lair  
  34  3:03  Extractor  
  33  3:06  Drone  
  33  3:07  Drone  
  33  3:08  Drone  
  33  3:12  Overlord  
  36  3:15  Drone  
  36  3:16  Drone  
  38  3:20  Spore Crawler  
  38  3:23  Spore Crawler  
  38  3:26  Drone x2  
  38  3:30  Drone  
  38  3:32  Zergling x2  
  40  3:35  Drone  
  40  3:36  Drone  
  40  3:38  Drone  
  40  3:40  Drone  
  44  3:44  Drone  
  44  3:45  Drone  
  44  3:47  Zergling x2  
  47  3:49  Overlord  
  47  3:57  Hydralisk Den  
  47  3:58  Zergling x4  
  47  3:59  Zergling x2  
  47  4:01  Zergling x2  
  50  4:04  Overlord  
  50  4:13  Overlord  
  50  4:14  Zergling x4  
  50  4:15  Zergling x4  
  50  4:16  Zergling x2  
  55  4:22  Overlord  
  55  4:26  Hydralisk, Muscular Augments  
  55  4:28  Hydralisk  
  59  4:38  Hydralisk x3  
  58  4:41  Hydralisk  
  64  4:49  Extractor  
  64  4:51  Hydralisk  
  65  4:56  Hydralisk  
  65  4:57  Zergling x8  
  65  4:58  Zergling x2  
  72  5:00  Zergling x4  
  72  5:05  Hydralisk  
  75  5:12  Zergling x2  
  75  5:13  Zergling x6  
  77  5:14  Zergling x2  
  77  5:17  Zergling x2  
  77  5:18  Hydralisk  
  79  5:24  Hydralisk  
  79  5:25  Zergling x2  
  79  5:26  Overlord  
  81  5:33  Overlord  
  81  5:46  Zergling x6  
  81  5:49  Zergling x2  
  84  5:50  Zergling x2  
  84  5:51  Zergling x4  
  84  5:53  Zergling x8  
  84  5:56  Zergling x2  
  92  5:57  Zergling x4  
  92  5:58  Zergling x2  
  92  5:59  Zergling x2  
  92  6:00  Zergling x2, Hydralisk  
  95  6:09  Drone  
  95  6:23  Spire  
Tags
 
Add a new tag
Caveats
  • Supply blocks, unpowered buildings, or Contaminate may cause inaccurate times.
  • Supply counts are checked every 10 seconds.